 Dungeon Crawl Stone Soup version 0.20-a0-502-g555d78b (webtiles) character file.

151 kae the Slasher (level 5, 0/47 HPs)
             Began as a Minotaur Fighter on Jan 20, 2017.
             Slain by Duvessa
             ... wielding a +0 rapier
              (2 damage)
             ... on level 4 of the Dungeon.
             The game lasted 00:01:20 (2038 turns).

kae the Slasher (Minotaur Fighter)                  Turns: 2038, Time: 00:01:21

Health: 0/47       AC:  8    Str: 27    XL:     5   Next: 10%
Magic:  4/4        EV:  7    Int:  5    God:
Gold:   100        SH: 10    Dex:  9    Spells: 4/4 levels left

rFire    . . .     SeeInvis .   a - +0 long sword
rCold    . . .     Gourm    .   b - +0 scale mail
rNeg     . . .     Faith    .   c - +0 shield
rPois    .         Spirit   .   (helmet restricted)
rElec    .         Reflect  .   r - +0 cloak
rCorr    .         Harm     .   (no gloves)
MR       .....                  (no boots)
Stlth    ..........             (no amulet)
Regen    0.2/turn               (no ring)
                                (no ring)

@: mighty, flying
A: retaliatory headbutt, horns 2
a: no special abilities


You were on level 4 of the Dungeon.
You were hungry.

You visited 1 branch of the dungeon, and saw 4 of its levels.

You collected 100 gold pieces.

Inventory:

Hand Weapons
 a - a +0 long sword (weapon)
Armour
 b - a +0 scale mail (worn)
 c - a +0 shield (worn)
 r - a +0 cloak (worn)
Jewellery
 v - a +3 ring of strength {unknown}
Scrolls
 e - 3 scrolls of identify {unknown}
 h - a scroll of teleportation {unknown}
 i - a scroll of remove curse {unknown}
 j - a scroll of enchant weapon {unknown}
 l - a scroll of enchant armour {unknown}
 o - a scroll of magic mapping {unknown}
 p - a scroll of amnesia {unknown}
 t - a scroll of fear {unknown}
Potions
 d - a potion of might
 k - a potion of flight
 m - a potion of cure mutation
 n - 2 potions of curing {unknown}
 q - a potion of degeneration {unknown}
 s - a potion of mutation {unknown}
 u - 2 potions of heal wounds {unknown}
 w - a potion of resistance {unknown}
Comestibles
 f - 3 bread rations
 g - a meat ration
 x - a fruit
 z - a royal jelly


   Skills:
 + Level 4.4 Fighting
 * Level 5.0 Long Blades
 + Level 4.6 Armour
 - Level 3.6 Shields


You had 4 spell levels left.
You didn't know any spells.

Dungeon Overview and Level Annotations

Branches:
Dungeon (4/15)
 Temple: D:4-7

Altars:

Annotations:
D:4 Duvessa, Purgy


Innate Abilities, Weirdness & Mutations

You reflexively headbutt those who attack you in melee.
You have a pair of horns on your head.


Message History

Purgy bites you.
* * * LOW HITPOINT WARNING * * *
Purgy claws you but does no damage. You block Purgy's attack.
You hit Duvessa.
Duvessa is heavily wounded.
Duvessa hits you but does no damage. Purgy bites you but does no damage.
You block Purgy's attack. Purgy claws you but does no damage.
Duvessa closely misses you. You furiously retaliate!
You headbutt Duvessa!
You riposte.
You barely miss Duvessa. You headbutt Duvessa.
Duvessa is almost dead.
It was a potion of flight.
You feel very buoyant.
You fly up into the air.
You block Duvessa's attack. Purgy bites you but does no damage.
You block Purgy's attack. Purgy claws you but does no damage.
It was a potion of cure mutation.
It has a very clean taste.
You block Duvessa's attack. Purgy bites you but does no damage.
Purgy barely misses you. You block Purgy's attack.
Duvessa hits you with a rapier.
You die...

.. ... ....
###+##....
#.........
#.........
#.<.......
#.....#+##
#######@....#
#.....eT....#
#...........+
#...........#
#...........#
#...........#
########+####


You could see Duvessa (berserk) and Purgy.

Vanquished Creatures
  Dowan (D:4)
  3 adders
  2 oozes
  3 worms (D:2)
  A dart slug (D:1)
  2 leopard geckos
  3 giant cockroaches
  8 goblins
  5 hobgoblins
  4 jackals (D:1)
  8 kobolds
  A quokka (D:2)
  3 bats
  3 frilled lizards
  6 rats
53 creatures vanquished.

Notes
Turn   | Place    | Note
-------+----------+-------------------------------------------
     0 | D:1      | kae the Minotaur Fighter began the quest for the Orb.
     0 | D:1      | Reached XP level 1. HP: 19/19 MP: 0/0
   231 | D:1      | Reached skill level 3 in Long Blades
   335 | D:1      | Reached XP level 2. HP: 26/26 MP: 1/1
   630 | D:1      | Reached XP level 3. HP: 33/33 MP: 2/2
   762 | D:2      | Reached skill level 4 in Long Blades
  1231 | D:2      | Reached XP level 4. HP: 31/40 MP: 3/3
  2026 | D:4      | Noticed Dowan
  2028 | D:4      | Noticed Purgy
  2029 | D:4      | Noticed Duvessa
  2029 | D:4      | Killed Dowan
  2029 | D:4      | Reached skill level 5 in Long Blades
  2029 | D:4      | Reached XP level 5. HP: 38/47 MP: 4/4
  2035 | D:4      | HP: 1/47 [Purgy (2)]
  2038 | D:4      | Slain by Duvessa

Vault maps used:
D:1:      tarquinn_simple_flora_water_b
D:4:      grunt_temple_overflow_open, gup_sewer_entry_spiral,
          cheibrodos_gnoll_hut, uniq_purgy, uniq_grinder, uniq_sigmund,
          uniq_duvessa

Skill      XL: |  1  2  3  4 |
---------------+-------------+-----
Long Blades    | 3 4 5 |  5.0
Armour         | 4 |  4.6
Fighting       | 4 |  4.4
Shields        | |  3.6

Action                   |  1- 3 |  4- 6 || total
-------------------------+-------+-------++-------
Melee: Long sword        |   100 |    47 ||   147
       Headbutt          |    12 |     4 ||    16
  Use: Potion            |       |     3 ||     3
  Eat: Chunk             |     1 |     2 ||     3
Armor: Scale mail        |    52 |    37 ||    89
Dodge: Dodged            |    20 |    19 ||    39
Block: Shield            |    47 |    36 ||    83
       Rpst.: Long sword |     1 |     8 ||     9
